 Dungeon Crawl Stone Soup version 0.20.0-7-g3b7b877 (webtiles) character file.

1683 straycat the Sneak (level 8, -2/62 HPs)
             Began as a Vampire Wanderer on May 29, 2017.
             Was a Follower of Yredelemnul.
             Killed by divine providence
             ... invoked by an orc priest
              (12 damage)
             ... on level 6 of the Dungeon.
             The game lasted 00:38:56 (7675 turns).

straycat the Sneak (Vampire Wanderer)               Turns: 7675, Time: 00:38:59

Health: -2/62      AC:  9    Str: 10    XL:     8   Next: 71%
Magic:  8/8        EV: 13    Int: 14    God:    Yredelemnul [*.....]
Gold:   310        SH:  6    Dex: 17    Spells: 7/7 levels left

rFire    . . .     SeeInvis +   o - +0 dagger (venom)
rCold    + . .     Gourm    .   t - +1 buckler
rNeg     + + .     Faith    +   e - +0 ring mail
rPois    +         Spirit   .   y - +1 helmet
rElec    .         Reflect  .   v - +0 cloak
rCorr    .         Harm     .   i - +0 pair of gloves
MR       .....                  (no boots)
Stlth    ++++......             K - amulet of faith
Regen    0.1/turn               (no ring)
MPRegen  0.2/turn               (no ring)

@: regenerating slowly
A: fangs 3, see invisible, unbreathing
a: Bat Form, Animate Remains, Renounce Religion


You were on level 6 of the Dungeon.
You worshipped Yredelemnul.
Yredelemnul was aware of your devotion.
You were thirsty.

You visited 2 branches of the dungeon, and saw 7 of its levels.

You collected 310 gold pieces.

Inventory:

Hand Weapons
 c - a +2 whip of electrocution
 j - a +0 dagger of draining
 o - a +0 dagger of venom (weapon)
 r - a +4 quarterstaff of chaos
 x - the +7 hand axe "straycat's Regret" {chop, rElec rF+ Str-3 Int+3}
   (You found it on level 6 of the Dungeon)

   It inflicts extra damage upon your enemies.
   It affects your strength (-3).
   It affects your intelligence (+3).
   It protects you from fire.
   It insulates you from electricity.
 D - a +0 rapier
 E - a +3 spear
 H - a +0 shortbow
 L - a +0 falchion
Missiles
 g - 5 tomahawks (quivered)
 h - 224 stones
 n - 128 arrows
 p - 7 needles of sleeping
 q - 48 bolts
 F - a throwing net
Armour
 e - a +0 ring mail (worn)
 i - a +0 pair of gloves (worn)
 t - a +1 buckler (worn)
 v - a +0 cloak (worn)
 y - a +1 helmet (worn)
Jewellery
 K - an amulet of faith (around neck)
Wands
 u - a wand of confusion (30/48)
 w - a wand of flame (9/48)
 J - a wand of polymorph (10/24)
Scrolls
 d - 2 scrolls of identify
 k - 3 scrolls of teleportation
 l - a scroll of remove curse
 C - a scroll of fog
Potions
 b - 2 potions of curing
 f - 16 potions of blood
 m - a potion of magic
 s - 3 potions of flight
 z - a potion of haste
 A - a potion of agility {unknown}
 B - a potion of heal wounds


   Skills:
 * Level 5.0 Fighting
 * Level 5.5 Short Blades
 - Level 1.5 Staves
 + Level 2.5 Armour
 * Level 5.8 Dodging
 + Level 6.8 Stealth
 * Level 4.1 Shields


You had 7 spell levels left.
You didn't know any spells.

Dungeon Overview and Level Annotations

Branches:
Dungeon (6/15)             Temple (1/1) D:4

Altars:
Ashenzari
Cheibriados
Dithmenos
Elyvilon
Fedhas
Gozag
Hepliaklqana
Kikubaaqudgha
Makhleb
Nemelex Xobeh
Okawaru
Qazlal
Ru
Sif Muna
Trog
Uskayaw
Vehumet
Xom
Yredelemnul
Zin
The Shining One


Innate Abilities, Weirdness & Mutations

You heal slowly.
You have razor-sharp teeth.
You have supernaturally acute eyesight. (SInv)
You can survive without breathing.


Message History

The orc priest hits you with a flail of holy wrath!
You convulse!
* * * LOW HITPOINT WARNING * * *
You hit the orc priest.
The orc priest looks as sick as possible!
The orc priest is heavily wounded.
The orc priest calls down the wrath of Beogh upon you.
Pain shoots through your body!
* * * LOW HITPOINT WARNING * * *
You hit the orc priest but do no damage.
The orc priest looks as sick as possible!
Your bite misses the orc priest.
The orc priest is severely wounded.
You hit the orc priest but do no damage.
The orc priest looks as sick as possible!
The orc priest is severely wounded.
The orc priest invokes the aid of Beogh against you.
Beogh smites you!
You die...
Yredelemnul claims you as an undead slave.

..........#(#######...#
######.##...o.)...o...#
## #.###..o.o)..o...#
.# #.# #o#######.#.##
.#####.###.# #.#.#
...........# #.#.#
######.##### #.#.##
#######
#.###########..#.##
#......
#...%....).@).###.##
#.##### ############o##
##.# #.# ## ##.###.##
#.# ## .# #..#.#####.#
#. .# #..........# #.
.# #.....###### #. .#
##...## #. .# ##.## #.
.# #<# #.


You could see an orc priest.

Vanquished Creatures
  An orc warrior (D:6)
  A sky beast (D:6)
  2 ice beasts (D:5)
  An ogre (D:6)
  A centaur (D:5)
  5 scorpions
  2 howler monkeys (D:6)
  A crimson imp (D:5)
  2 bullfrog zombies (D:5)
  4 hounds
  Crazy Yiuf (D:3)
  Jessica (D:2)
  2 iguanas
  Ijyb (D:2)
  3 orc wizards
  4 worker ants
  8 gnolls
  8 adders
  2 shadow imps
  3 oozes (D:1)
  An adder skeleton (D:5)
  4 worms
  A dart slug (D:3)
  6 leopard geckos
  13 orcs
  12 giant cockroaches
  5 goblins
  7 hobgoblins
  3 quokkas
  2 ball pythons (D:4)
  4 bats
  6 frilled lizards
  9 kobolds
  3 quokka skeletons
  5 rats
134 creatures vanquished.

Notes
Turn   | Place    | Note
-------+----------+-------------------------------------------
     0 | D:1      | straycat the Vampire Wanderer began the quest for the Orb.
     0 | D:1      | straycat set off with: a +2 dagger, a potion of berserk rage, a potion of lignification, a +0 quarterstaff, a +0 robe, a potion of blood
     0 | D:1      | Reached XP level 1. HP: 16/16 MP: 1/1
    62 | D:1      | Reached XP level 2. HP: 17/22 MP: 2/2
    82 | D:1      | Reached skill level 1 in Short Blades
  1016 | D:2      | Reached XP level 3. HP: 28/28 MP: 3/3
  1847 | D:3      | Noticed Jessica
  1854 | D:3      | Noticed Ijyb
  2179 | D:2      | Reached XP level 4. HP: 29/34 MP: 4/4
  2234 | D:2      | Killed Jessica
  2238 | D:2      | HP: 1/51 [shadow imp (5)]
  2241 | D:2      | Killed Ijyb
  2641 | D:2      | Reached XP level 5. HP: 40/40 MP: 5/5
  2837 | D:3      | Reached skill level 1 in Armour
  3418 | D:3      | Found a runed door.
  3439 | D:3      | Noticed Crazy Yiuf
  3457 | D:3      | Killed Crazy Yiuf
  4072 | D:4      | Reached XP level 6. HP: 47/47 MP: 6/6
  4243 | D:4      | Reached skill level 5 in Stealth
  4371 | D:4      | Found a staircase to the Ecumenical Temple.
  4388 | Temple   | Entered the Ecumenical Temple
  4661 | Temple   | Became a worshipper of Yredelemnul the Dark
  5341 | D:5      | Entered Level 5 of the Dungeon
  5386 | D:5      | Noticed an ice beast
  5418 | D:5      | Reached XP level 7. HP: 47/53 MP: 7/7
  6019 | D:5      | Reached skill level 6 in Stealth
  6043 | D:5      | Reached * piety under Yredelemnul
  6208 | D:5      | Found a burning altar of Makhleb.
  6326 | D:5      | Reached XP level 8. HP: 61/61 MP: 8/8
  6449 | D:6      | Reached skill level 5 in Short Blades
  6461 | D:6      | Reached skill level 5 in Dodging
  6743 | D:6      | Got a steaming hand axe
  6747 | D:6      | Identified the +7 hand axe "straycat's Regret" {chop, rElec rF+ Str-3 Int+3} (You found it on level 6 of the Dungeon)
  7293 | D:6      | Reached skill level 5 in Fighting
  7675 | D:6      | Killed from afar by an orc priest

Skill      XL: |  1  2  3  4  5  6  7  8 |
---------------+-------------------------+-----
Fighting       | 2 3 4 5 |  5.0
Short Blades   | 1 2 3 4 5 |  5.5
Dodging        | 3 4 5 |  5.8
Armour         | 1 2 |  2.5
Shields        | 2 3 4 |  4.1
Stealth        | 5 6 |  6.8
Staves         | |  1.5

Action                   |  1- 3 |  4- 6 |  7- 9 || total
-------------------------+-------+-------+-------++-------
Melee: Dagger            |   132 |   222 |   268 ||   622
       Bite              |    12 |    18 |    26 ||    56
       Rapier            |       |     6 |       ||     6
       Spear             |       |       |    17 ||    17
Throw: Tomahawk          |     4 |     5 |    10 ||    19
  Use: Potion            |     4 |     9 |     7 ||    20
       Scroll            |       |     9 |     5 ||    14
 Stab: Sleeping          |     6 |    10 |     2 ||    18
       Distracted        |       |       |     2 ||     2
Armor: Robe              |    16 |     1 |       ||    17
       Skin              |     5 |       |       ||     5
       Leather armour    |       |    19 |       ||    19
       Ring mail         |       |    25 |    58 ||    83
Dodge: Dodged            |    80 |   105 |   109 ||   294
Block: Buckler           |    10 |    47 |    63 ||   120
